 Dungeon Crawl Stone Soup version 0.17-a0-1701-gf693a3f (webtiles) character file.

114 Kidiri the Conjurer (level 4, -6/24 HPs)
             Began as a Deep Elf Conjurer on Aug 20, 2015.
             Mangled by Urgaas's ghost (10 damage)
             ... on level 3 of the Dungeon on Aug 21, 2015.
             The game lasted 00:12:19 (3057 turns).

Kidiri the Conjurer (Deep Elf Conjurer)             Turns: 3057, Time: 00:12:19

Health: -6/24      AC:  4    Str:  5    XL:     4   Next: 66%
Magic:  4/12       EV: 12    Int: 21    God:
Gold:   142        SH:  0    Dex: 15    Spells: 4 memorised, 2 levels left

rFire  . . .     SeeInvis .     d - +2 dagger (venom)
rCold  . . .     Clarity  .     a - +0 leather armour (curse)
rNeg   . . .     SustAt   .     (no shield)
rPois  .         Gourm    .     (no helmet)
rElec  .         Spirit   .     h - +0 cloak
rCorr  .         Warding  .     (no gloves)
rMut   .         Stasis   .     (no boots)
MR     .....                    (no amulet)
Stlth  ++........               (no ring)
                                (no ring)

@: not resistant to hostile enchantments, unstealthy
A: no striking features
a: no special abilities


You were on level 3 of the Dungeon.
You were hungry.

You visited 1 branch of the dungeon, and saw 3 of its levels.

You collected 142 gold pieces.

Inventory:

Hand weapons
 d - a +2 dagger of venom (weapon)
Armour
 a - a cursed +0 leather armour (worn)
 e - a +0 pair of gloves
 h - a +0 cloak (worn)
 k - a +0 leather armour
Potions
 i - a potion of agility
Books
 b - a book of Conjurations

   Spells                             Type                      Level
   a - Magic Dart                     Conjuration                  1
   b - Searing Ray                    Conjuration                  2
   c - Dazzling Spray                 Conjuration/Hexes            3
   d - Fulminant Prism                Conjuration/Hexes            4
   e - Iskenderun's Mystic Blast      Conjuration                  4
   f - Iskenderun's Battlesphere      Conjuration/Charms           5
Comestibles
 c - 3 bread rations
 g - a meat ration
 l - 5 chunks of flesh


   Skills:
 + Level 0.8 Short Blades
 + Level 0.5 Armour
 + Level 3.2 Dodging
 + Level 3.1 Stealth
 * Level 4.5 Spellcasting
 + Level 4.8 Conjurations
 + Level 1.6 Hexes


You had 2 spell levels left.
You knew the following spells:

 Your Spells              Type           Power        Failure   Level  Hunger
a - Magic Dart            Conj           ###.         3%          1    None
b - Searing Ray           Conj           ###...       6%          2    #......
c - Dazzling Spray        Conj/Hex       ###.....     17%         3    ##.....
d - Iskenderun's Mystic   Conj           ###.....     30%         4    ####...


Dungeon Overview and Level Annotations

Branches:
Dungeon (3/15)

Altars:
Yredelemnul
The Shining One

Annotations:
D:3 Urgaas's ghost, average DsGl


Message History

You open the door.
Urgaas's ghost hits you but does no damage.
There is an open door here.
You see here a bread ration.
c - 3 bread rations (gained 1)
You see here 8 needles of paralysis.
Your magical contamination has completely faded away.
You see here 6 gold pieces.
You now have 142 gold pieces (gained 6).
Urgaas's ghost hits you.
* * * LOW HITPOINT WARNING * * *
Drink which item? (? for menu, Esc to quit)
You feel better. Urgaas's ghost hits you!
* * * LOW HITPOINT WARNING * * *
Some of the chunks of flesh in your inventory have rotted away.
Read which item? (? for menu, Esc to quit)
Okay, then.
Found a stone staircase leading down.
Urgaas's ghost hits you!
You die...

.,,*,*,***,**..........#...#
##,*,*,* *,,#..##......#...*
,<,,,*,****+#..........#.########
******,,,,,,,.....#.#..(.........
,,,,,,,,,,,,,..##.#.###.#.....###
*********,,,,.,*.,#.# #.'.....'..
****+#,#,*#.# ###.....##.
#.#'#+##.# #.....##.
******#....@W..# #.....##.
*,,,.........### #.....##.
*,,,.........# #.....###
*,,,.........# #.....#
*,,,.........# #######
*,,,.....>...# *,,,.........#
*,,,.....##### *,,,,,,,,*


You could see Urgaas's ghost.

Vanquished Creatures
  An orc wizard (D:3)
  2 adders (D:2)
  2 giant geckos
  4 orcs (D:3)
  2 ball pythons
  10 bats
  5 giant cockroaches
  12 goblins
  6 hobgoblins
  4 kobolds
  6 giant newts
  6 rats
60 creatures vanquished.

Vanquished Creatures (others)
  A hobgoblin (D:2)
  A jackal (D:2)
2 creatures vanquished.

Grand Total: 62 creatures vanquished

Notes
Turn   | Place    | Note
--------------------------------------------------------------
     0 | D:1      | Kidiri the Deep Elf Conjurer began the quest for the Orb.
     0 | D:1      | Reached XP level 1. HP: 10/10 MP: 6/6
   402 | D:1      | Reached XP level 2. HP: 15/15 MP: 8/8
   635 | D:1      | Learned a level 2 spell: Searing Ray
  1408 | D:2      | Reached XP level 3. HP: 17/19 MP: 10/10
  1413 | D:2      | Learned a level 3 spell: Dazzling Spray
  1496 | D:2      | Upgraded the game from 0.17-a0-1691-g18a3847 to 0.17-a0-1701-gf693a3f
  1509 | D:2      | Found a faded altar to an unknown god.
  1927 | D:2      | Reached skill level 1 in Hexes
  2581 | D:2      | Found a basalt altar of Yredelemnul.
  2584 | D:2      | Found a glowing golden altar of the Shining One.
  2587 | D:2      | Noticed an angel
  2675 | D:2      | Reached XP level 4. HP: 24/24 MP: 7/12
  2681 | D:2      | Learned a level 4 spell: Iskenderun's Mystic Blast
  2978 | D:3      | Noticed Urgaas's ghost (average DsGl)
  3057 | D:3      | Mangled by Urgaas's ghost

Vault maps used:
D:1:      minmay_arrival_stair_chambers
D:2:      grunt_temple_overflow_holy_war, ecumenical_altar_1,
          kennysheep_generic_room_11
D:3:      first_bread

Action                   |  1- 3 |  4- 6 || total
-------------------------+-------+-------++-------
Melee: Whip              |    10 |       ||    10
       Dagger            |    25 |     9 ||    34
       Short sword       |    54 |     2 ||    56
 Cast: Magic Dart        |    59 |    11 ||    70
       Searing Ray       |     1 |     1 ||     2
       Dazzling Spray    |       |     3 ||     3
  Use: Scroll            |     5 |     2 ||     7
       Potion            |       |     1 ||     1
 Stab: Sleeping          |     8 |     1 ||     9
  Eat: Chunk             |     5 |     1 ||     6
